 Dungeon Crawl Stone Soup version 0.23-a0-642-g3120c2f (webtiles) character file.

5009 Firecrotchwizard the Martial Artist (level 10, -21/76 HPs)
             Began as a Gnoll Transmuter on Dec 31, 2018.
             Was a High Priest of Okawaru.
             Demolished by Erolcha
             ... wielding a +0 giant club
              (27 damage)
             ... on level 9 of the Dungeon.
             The game lasted 00:23:44 (10614 turns).

Firecrotchwizard the Martial Artist (GnTm)         Turns: 10614, Time: 00:23:45

Health: -21/76     AC: 10    Str: 17    XL:     10   Next: 54%
Magic:  20/21      EV: 21    Int: 19    God:    Okawaru [*****.]
Gold:   339        SH:  0    Dex: 16    Spells: 5/23 levels left

rFire    . . .     SeeInvis .     - Unarmed
rCold    . . .     Gourm    .   (no shield)
rNeg     . . .     Faith    .   H - +0 troll leather armour {regen}
rPois    +         Spirit   .   q - +0 helmet
rElec    .         Reflect  .   i - +0 cloak
rCorr    .         Harm     .   I - +0 pair of gloves
MR       .....                  (boots currently unavailable)
Stlth    ++++......             w - amulet of regeneration {+regen, !d}
HPRegen  1.02/turn              j - +5 ring of strength
MPRegen  0.17/turn              r - ring of poison resistance {rPois, !d}

@: appendage (expiring), heroism
A: distributed training, fangs 1, talons 3, strong nose
a: End Transformation, Heroism, Finesse, Renounce Religion


You were on level 9 of the Dungeon.
You worshipped Okawaru.
Okawaru was extremely pleased with you.
You were not hungry.
You had grown temporary talons.
You visited 1 branch of the dungeon, and saw 9 of its levels.
You also visited: Sewer.

You collected 397 gold pieces.
You spent 58 gold pieces at shops.

Inventory:

Missiles
 a - 225 arrows
 h - 4 throwing nets {=f, !d}
Armour
 i - a +0 cloak (worn)
   (You found it on level 2 of the Dungeon)
 m - a +0 ring mail
   (You found it on level 1 of the Dungeon)
 q - a +0 helmet (worn)
   (You took it off Robin on level 4 of the Dungeon)
 C - a +0 robe
   (You found it on level 8 of the Dungeon)
 H - a +0 troll leather armour (worn) {regen}
   (You found it on level 9 of the Dungeon)
 I - a +0 pair of gloves (worn)
   (You bought it in a shop on level 9 of the Dungeon)
Jewellery
 j - a +5 ring of strength (left hand)
   (You found it on level 2 of the Dungeon)
 r - a ring of poison resistance (right hand) {rPois, !d}
   (You found it on level 6 of the Dungeon)
 s - an uncursed ring of positive energy {rN+}
   (You found it on level 5 of the Dungeon)
 u - an uncursed ring of flight {+Fly, !d}
   (You found it on level 4 of the Dungeon)
 w - an amulet of regeneration (around neck) {+regen, !d}
   (You took it off an orc on level 6 of the Dungeon)
 B - an uncursed ring of ice {rC+, rF-}
   (You found it on level 8 of the Dungeon)
 J - a +2 amulet of reflection
   (You found it on level 9 of the Dungeon)
Wands
 f - a wand of random effects (17)
   (You found it on level 6 of the Dungeon)
 y - a wand of clouds (5)
   (You found it on level 5 of the Dungeon)
Scrolls
 c - 3 scrolls of remove curse
 g - 7 scrolls of identify
 l - 2 scrolls of teleportation
 o - 5 scrolls of immolation {!r}
 x - 2 scrolls of fear
 A - 2 scrolls of enchant weapon
 E - a scroll of blinking {unknown}
 G - a scroll of fog {unknown}
Potions
 e - 4 potions of curing
 k - a potion of cancellation {unknown}
 n - 3 potions of flight {unknown}
 p - 3 potions of resistance
 t - a potion of heal wounds
 v - a potion of invisibility {unknown}
 D - a potion of lignification {unknown}
 F - a potion of haste {unknown}
Comestibles
 b - 2 chunks of flesh {@w0}
 d - 16 rations


   Skills:
 + Level 5.9(10.9) Fighting
 + Level 5.3(10.3) Short Blades
 + Level 5.3(10.3) Long Blades
 + Level 5.3(10.3) Axes
 + Level 5.3(10.3) Maces & Flails
 + Level 5.3(10.3) Polearms
 + Level 5.3(10.3) Staves
 + Level 5.3(10.3) Slings
 + Level 5.3(10.3) Bows
 + Level 5.3(10.3) Crossbows
 + Level 5.3(10.3) Throwing
 + Level 5.3(10.3) Armour
 + Level 7.1(12.1) Dodging
 + Level 5.3(10.3) Stealth
 + Level 5.3(10.3) Shields
 + Level 8.5(13.5) Unarmed Combat
 + Level 7.3 Spellcasting
 + Level 4.3 Conjurations
 + Level 4.3 Hexes
 + Level 4.3 Charms
 + Level 4.3 Summonings
 + Level 4.3 Necromancy
 + Level 4.3 Translocations
 + Level 5.9 Transmutations
 + Level 4.3 Fire Magic
 + Level 4.3 Ice Magic
 + Level 4.3 Air Magic
 + Level 4.3 Earth Magic
 + Level 4.3 Poison Magic
 + Level 5.8 Invocations
 + Level 5.3 Evocations


You had 5 spell levels left.
You knew the following spells:

 Your Spells              Type           Power        Failure   Level  Hunger
a - Beastly Appendage     Tmut           ####..       1%          1    None
b - Ice Form              Ice/Tmut       ####....     14%         4    ###....
c - Spider Form           Tmut/Pois      ####......   4%          3    #......
r - Regeneration          Chrm/Necr      ###.......   5%          3    #......
s - Sticks to Snakes      Tmut           ####....     1%          2    None
x - Blade Hands           Tmut           ####......   26%         5    #####..

Your spell library contained the following spells:

 Spells                   Type           Power        Failure   Level  Hunger
 Infusion                 Chrm           ###.         1%          1    None
 Shroud of Golubria       Chrm/Tloc      ###.......   2%          2    None
 Song of Slaying          Chrm           ###.....     2%          2    None
 Spectral Weapon          Hex/Chrm       ###.....     5%          3    #......


Dungeon Overview and Level Annotations

Branches:
Dungeon (9/15)             Temple (0/1) D:4
   Lair: D:8-11         Orc: D:9-12

Altars:
Ashenzari
Dithmenos
Elyvilon
Fedhas
Gozag
Hepliaklqana
Kikubaaqudgha
Okawaru
Qazlal
Trog
Uskayaw
Vehumet
Wu Jian
Xom
Zin

Shops:
D:8 *   D:9 [

Annotations:
D:5 1 runed door
D:9 Erolcha


Innate Abilities, Weirdness & Mutations

Your experience applies equally to all skills.
You have very sharp teeth.
Your uncanny sense of smell can sniff out nearby items.
You have claws for feet.


Message History

You butcher the orc corpse.
b - 3 chunks of flesh {@w0} (gained 2)
Things that are here:
a +0 trident; an orc skeleton
Things that are here:
a +0 trident; an orc skeleton Your skin stops crawling.
z - a silver javelin
z - 2 silver javelins (gained 1)
A - 2 scrolls of enchant weapon (gained 1)
Found a stone staircase leading down.
MP restored: 21 A hound skeleton comes into view.
A hound skeleton is nearby!
Throwing (i - inventory)
z - 2 silver javelins (quivered)
Aim: a hound skeleton (resting)
You throw a silver javelin.
The silver javelin hits the hound skeleton.
An orc priest comes into view.
Throwing (i - inventory)
z - a silver javelin (quivered)
Aim: a hound skeleton (moderately damaged)
You throw a silver javelin. The orc priest shouts!
The silver javelin hits the hound skeleton.
You punch the hound skeleton! You bite the hound skeleton.
You destroy the hound skeleton!
Okawaru accepts your kill.
An orc warrior comes into view. It is wielding a +0 war axe.
The orc priest mumbles some strange prayers to Beogh against you.
Pain shoots through your body!
You take 13 damage, and have 63/76 hp.
An orc priest comes into view.
You see here 15 gold pieces.
The orc priest casts a cantrip, but nothing happens.
Erolcha the Cunning comes into view.
She is wielding a +0 giant club.
Erolcha shouts!
The orc warrior shouts!
The orc priest shouts!
You hit the orc priest. Your punch misses the orc priest.
Your bite misses the orc priest. The orc priest misses you.
Your feet morph into talons.
A bullfrog comes into view.
A troll comes into view.
A quokka comes into view.
The orc priest hits you but does no damage.
You now have 20/21 mp.
The bullfrog gives a loud, deep croak!
The troll shouts!
You hit the orc priest. You claw the orc priest.
You hit the orc priest but do no damage.
Your kick misses the orc priest. You punch the orc priest.
The orc warrior closely misses you.
The orc priest calls down the wrath of Beogh upon you.
You struggle to resist.
You hit the orc priest.
You kill the orc priest!
Okawaru accepts your kill.
The orc warrior hits you with a +0 war axe!
Erolcha screams, "Eat!"
You take 7 damage, and have 61/76 hp.
You see here 15 gold pieces.
The orc priest begins to cast a cantrip, but forgets the words!
Erolcha gestures wildly while chanting.
Erolcha seems to speed up.
MP restored: 21 Erolcha roars.
Some of the chunks of flesh in your inventory have rotted away.
You regained 2 hp, and now have 68/76 hp.
You gain the combat prowess of a mighty hero.
The orc warrior hits you but does no damage.
You now have 19/21 mp.
You barely miss the orc warrior. Your kick misses the orc warrior.
The orc warrior misses you.
You hit the orc warrior. You pummel the orc warrior!!
You claw the orc warrior, but do no damage.
The orc warrior completely misses you.
You punch the orc warrior!
You kill the orc warrior!
Okawaru accepts your kill.
The orc priest calls down the wrath of Beogh upon you.
Beogh smites you!
The bullfrog hits you but does no damage.
You take 11 damage, and have 61/76 hp.
You closely miss the bullfrog. You claw the bullfrog!
Your bite misses the bullfrog.
Your transformation is almost over.
The bullfrog completely misses you.
You punch the bullfrog! Your kick misses the bullfrog.
The bullfrog barely misses you.
The orc priest mumbles some strange prayers to Beogh against you.
Beogh smites you!
You take 10 damage, and have 51/76 hp.
You punch the bullfrog!
You kill the bullfrog!
Okawaru accepts your kill.
Erolcha tries to grin evilly.
Erolcha gestures at you while chanting. The crystal spear hits you!
Ouch! That really hurt!
* * * LOW HITPOINT WARNING * * *
You take 46 damage, and have 5/76 hp.
MASSIVE DAMAGE!!
Erolcha misses you. Erolcha hits you with a +0 giant club!!
You die...

#/#...(# .... #..$...### ###.
...(... #. ######.[.# #.
.........# #. ######.o##
.....>..#
#######r###################
.......ToO@................
.########.###################
.................
.########.####### #.# #..
####


You could see Erolcha, a troll, an orc priest and a quokka.

Vanquished Creatures
  Pikel (D:6)
  A troll (D:9)
  A hornet (D:8)
  Eustachio (D:4)
  A hungry ghost (D:9)
  Edmund (D:6)
  A water moccasin (D:5)
  Duvessa (D:5)
  2 orc warriors
  An ice beast (D:9)
  A slave (D:6)
  A black bear (D:7)
  An eye of draining (D:5)
  5 ogres
  A phantom (D:8)
  7 centaurs
  3 big kobolds
  Dowan (D:5)
  6 bullfrogs
  A gnoll sergeant (D:9)
  5 scorpions
  A howler monkey (D:4)
  A crimson imp (D:9)
  A quasit (D:7)
  5 orc priests
  A hound (D:8)
  2 jellies
  A bullfrog skeleton (D:6)
  A gnoll shaman (D:5)
  4 orc wizards
  Jessica (D:2)
  An iguana (D:6)
  2 worker ants (D:8)
  A hound zombie (D:8)
  A hound skeleton (D:9)
  A howler monkey zombie (D:9)
  Robin (D:4)
  A howler monkey skeleton (D:7)
  14 adders
  14 gnolls
  2 river rats
  An ooze (D:1)
  3 worms
  11 leopard geckos
  23 orcs
  8 bats
  5 giant cockroaches
  12 goblins
  3 hobgoblins
  12 jackals
  14 kobolds
  4 quokkas
  2 ball pythons
  6 frilled lizards
  2 jackal zombies (D:7)
  3 quokka skeletons
  A quokka zombie (D:6)
  7 rats
216 creatures vanquished.

Vanquished Creatures (collateral kills)
  An ogre (D:5)
  An adder (D:6)
  An orc (D:6)
3 creatures vanquished.

Vanquished Creatures (others)
  A human (D:3)
1 creature vanquished.

Grand Total: 220 creatures vanquished

Notes
Turn   | Place    | Note
-------+----------+-------------------------------------------
     0 | D:1      | Firecrotchwizard the Gnoll Transmuter began the quest for
                  | the Orb.
     0 | D:1      | Reached XP level 1. HP: 17/17 MP: 6/6
   325 | D:1      | Reached XP level 2. HP: 23/23 MP: 7/7
  1161 | D:1      | Reached skill level 5 in Spellcasting
  1161 | D:1      | Reached XP level 3. HP: 16/28 MP: 6/9
  1447 | D:2      | Reached skill level 1 in Invocations
  1453 | D:2      | HP: 7/28 [jackal (2)]
  1455 | D:2      | HP: 3/28 [hobgoblin/+0 club (2)]
  1462 | D:2      | HP: 2/28 [poisoned by an adder]
  1749 | D:2      | Noticed Jessica
  1761 | D:2      | Killed Jessica
  1761 | D:2      | Reached skill level 1 in Short Blades
  1761 | D:2      | Reached skill level 1 in Long Blades
  1761 | D:2      | Reached skill level 1 in Axes
  1761 | D:2      | Reached skill level 1 in Maces & Flails
  1761 | D:2      | Reached skill level 1 in Polearms
  1761 | D:2      | Reached skill level 1 in Staves
  1761 | D:2      | Reached skill level 1 in Slings
  1761 | D:2      | Reached skill level 1 in Bows
  1761 | D:2      | Reached skill level 1 in Crossbows
  1761 | D:2      | Reached skill level 1 in Throwing
  1761 | D:2      | Reached skill level 1 in Armour
  1761 | D:2      | Reached skill level 1 in Stealth
  1761 | D:2      | Reached skill level 1 in Shields
  1761 | D:2      | Reached skill level 1 in Evocations
  1761 | D:2      | Reached XP level 4. HP: 29/34 MP: 9/11
  1982 | D:2      | Learned a level 2 spell: Sticks to Snakes
  1986 | D:2      | Learned a level 3 spell: Spider Form
  2115 | D:2      | Reached skill level 1 in Conjurations
  2115 | D:2      | Reached skill level 1 in Hexes
  2115 | D:2      | Reached skill level 1 in Charms
  2115 | D:2      | Reached skill level 1 in Summonings
  2115 | D:2      | Reached skill level 1 in Necromancy
  2115 | D:2      | Reached skill level 1 in Translocations
  2115 | D:2      | Reached skill level 1 in Fire Magic
  2115 | D:2      | Reached skill level 1 in Ice Magic
  2115 | D:2      | Reached skill level 1 in Air Magic
  2115 | D:2      | Reached skill level 1 in Earth Magic
  2115 | D:2      | Reached skill level 1 in Poison Magic
  2482 | D:3      | Reached XP level 5. HP: 17/40 MP: 12/12
  2707 | D:3      | Found a glowing drain.
  2720 | D:3      | Found an iron altar of Okawaru.
  2733 | D:3      | Became a worshipper of Warmaster Okawaru
  2861 | Sewer    | Entered a sewer
  3050 | Sewer    | Noticed a big kobold
  3092 | Sewer    | Reached skill level 3 in Fighting
  3109 | Sewer    | Killed a big kobold
  3109 | Sewer    | Reached skill level 4 in Transmutations
  3109 | Sewer    | Reached XP level 6. HP: 31/47 MP: 11/13
  3223 | Sewer    | Found a white marble altar of Elyvilon.
  3318 | D:3      | Reached skill level 2 in Invocations
  3411 | D:3      | Found an ancient bone altar of Kikubaaqudgha.
  3411 | D:3      | Noticed a human
  3415 | D:3      | Killed a human
  3793 | D:4      | Noticed Robin
  3812 | D:3      | Reached skill level 5 in Dodging
  3942 | D:4      | Killed Robin
  3942 | D:4      | Reached skill level 2 in Short Blades
  3942 | D:4      | Reached skill level 2 in Long Blades
  3942 | D:4      | Reached skill level 2 in Axes
  3942 | D:4      | Reached skill level 2 in Maces & Flails
  3942 | D:4      | Reached skill level 2 in Polearms
  3942 | D:4      | Reached skill level 2 in Staves
  3942 | D:4      | Reached skill level 2 in Slings
  3942 | D:4      | Reached skill level 2 in Bows
  3942 | D:4      | Reached skill level 2 in Crossbows
  3942 | D:4      | Reached skill level 2 in Throwing
  3942 | D:4      | Reached skill level 2 in Armour
  3942 | D:4      | Reached skill level 2 in Stealth
  3942 | D:4      | Reached skill level 2 in Shields
  3942 | D:4      | Reached skill level 2 in Evocations
  3950 | D:4      | HP: 11/47 [poisoned by an adder]
  3955 | D:4      | HP: 10/47 [poisoned by an adder]
  3963 | D:4      | HP: 9/47 [poisoned by an adder]
  3971 | D:4      | HP: 9/47 [poisoned by an adder]
  4694 | D:4      | Found a hide-covered altar of Uskayaw.
  4787 | D:4      | Noticed Eustachio
  4825 | D:4      | Killed Eustachio
  4825 | D:4      | Reached skill level 7 in Unarmed Combat
  4825 | D:4      | Reached XP level 7. HP: 22/52 MP: 15/15
  5025 | D:4      | Found a staircase to the Ecumenical Temple.
  5040 | D:4      | Reached * piety under Okawaru
  5180 | D:4      | Found a blossoming altar of Fedhas.
  5421 | D:5      | Entered Level 5 of the Dungeon
  5434 | D:5      | Reached skill level 2 in Conjurations
  5434 | D:5      | Reached skill level 2 in Hexes
  5434 | D:5      | Reached skill level 2 in Charms
  5434 | D:5      | Reached skill level 2 in Summonings
  5434 | D:5      | Reached skill level 2 in Necromancy
  5434 | D:5      | Reached skill level 2 in Translocations
  5434 | D:5      | Reached skill level 2 in Fire Magic
  5434 | D:5      | Reached skill level 2 in Ice Magic
  5434 | D:5      | Reached skill level 2 in Air Magic
  5434 | D:5      | Reached skill level 2 in Earth Magic
  5434 | D:5      | Reached skill level 2 in Poison Magic
  5776 | D:5      | Found an ornate altar of the Wu Jian Council.
  5811 | D:5      | Reached skill level 3 in Invocations
  5919 | D:5      | Noticed Duvessa
  5945 | D:5      | Noticed Dowan
  5952 | D:5      | Killed Duvessa
  5952 | D:5      | Reached XP level 8. HP: 60/60 MP: 12/16
  5963 | D:5      | Killed Dowan
  6155 | D:5      | Reached skill level 4 in Fighting
  6155 | D:5      | Reached skill level 3 in Short Blades
  6155 | D:5      | Reached skill level 3 in Long Blades
  6155 | D:5      | Reached skill level 3 in Axes
  6155 | D:5      | Reached skill level 3 in Maces & Flails
  6155 | D:5      | Reached skill level 3 in Polearms
  6155 | D:5      | Reached skill level 3 in Staves
  6155 | D:5      | Reached skill level 3 in Slings
  6155 | D:5      | Reached skill level 3 in Bows
  6155 | D:5      | Reached skill level 3 in Crossbows
  6155 | D:5      | Reached skill level 3 in Throwing
  6155 | D:5      | Reached skill level 3 in Armour
  6155 | D:5      | Reached skill level 3 in Stealth
  6155 | D:5      | Reached skill level 3 in Shields
  6155 | D:5      | Reached skill level 3 in Evocations
  6454 | D:5      | Found a bloodstained altar of Trog.
  6882 | D:5      | Found a runed door.
  6910 | D:5      | Found a hazy altar of Hepliaklqana.
  6911 | D:5      | Found a radiant altar of Vehumet.
  6912 | D:5      | Found an opulent altar of Gozag.
  6912 | D:5      | Found a white marble altar of Elyvilon.
  6912 | D:5      | Found an ancient bone altar of Kikubaaqudgha.
  6913 | D:5      | Found a glowing silver altar of Zin.
  6915 | D:5      | Found a shadowy altar of Dithmenos.
  6916 | D:5      | Found a shimmering altar of Xom.
  6917 | D:5      | Found a stormy altar of Qazlal.
  7334 | D:6      | Reached skill level 6 in Spellcasting
  7380 | D:6      | Reached ** piety under Okawaru
  7723 | D:6      | Noticed Edmund
  7727 | D:6      | Noticed Pikel
  8159 | D:6      | Killed Edmund
  8159 | D:6      | Reached skill level 3 in Conjurations
  8159 | D:6      | Reached skill level 3 in Hexes
  8159 | D:6      | Reached skill level 3 in Charms
  8159 | D:6      | Reached skill level 3 in Summonings
  8159 | D:6      | Reached skill level 3 in Necromancy
  8159 | D:6      | Reached skill level 3 in Translocations
  8159 | D:6      | Reached skill level 3 in Fire Magic
  8159 | D:6      | Reached skill level 3 in Ice Magic
  8159 | D:6      | Reached skill level 3 in Air Magic
  8159 | D:6      | Reached skill level 3 in Earth Magic
  8159 | D:6      | Reached skill level 3 in Poison Magic
  8159 | D:6      | Reached skill level 4 in Invocations
  8355 | D:6      | Killed Pikel
  8355 | D:6      | Reached *** piety under Okawaru
  8355 | D:6      | Reached skill level 4 in Short Blades
  8355 | D:6      | Reached skill level 4 in Long Blades
  8355 | D:6      | Reached skill level 4 in Axes
  8355 | D:6      | Reached skill level 4 in Maces & Flails
  8355 | D:6      | Reached skill level 4 in Polearms
  8355 | D:6      | Reached skill level 4 in Staves
  8355 | D:6      | Reached skill level 4 in Slings
  8355 | D:6      | Reached skill level 4 in Bows
  8355 | D:6      | Reached skill level 4 in Crossbows
  8355 | D:6      | Reached skill level 4 in Throwing
  8355 | D:6      | Reached skill level 4 in Armour
  8355 | D:6      | Reached skill level 6 in Dodging
  8355 | D:6      | Reached skill level 4 in Stealth
  8355 | D:6      | Reached skill level 4 in Shields
  8355 | D:6      | Reached skill level 5 in Transmutations
  8355 | D:6      | Reached skill level 4 in Evocations
  8355 | D:6      | Reached XP level 9. HP: 39/67 MP: 16/18
  8544 | D:7      | Reached **** piety under Okawaru
  8558 | D:7      | Reached skill level 5 in Fighting
  8681 | D:7      | Reached skill level 8 in Unarmed Combat
  8815 | D:7      | Reached skill level 5 in Invocations
  9010 | D:8      | Learned a level 4 spell: Ice Form
  9200 | D:8      | Found a shattered altar of Ashenzari.
  9242 | D:8      | Reached skill level 7 in Spellcasting
  9242 | D:8      | Reached XP level 10. HP: 72/74 MP: 20/20
  9249 | D:8      | Learned a level 3 spell: Regeneration
  9255 | D:8      | Learned a level 5 spell: Blade Hands
  9384 | D:8      | HP: 16/74 [centaur/arrow (4)]
  9796 | D:8      | Reached skill level 4 in Conjurations
  9796 | D:8      | Reached skill level 4 in Hexes
  9796 | D:8      | Reached skill level 4 in Charms
  9796 | D:8      | Reached skill level 4 in Summonings
  9796 | D:8      | Reached skill level 4 in Necromancy
  9796 | D:8      | Reached skill level 4 in Translocations
  9796 | D:8      | Reached skill level 4 in Fire Magic
  9796 | D:8      | Reached skill level 4 in Ice Magic
  9796 | D:8      | Reached skill level 4 in Air Magic
  9796 | D:8      | Reached skill level 4 in Earth Magic
  9796 | D:8      | Reached skill level 4 in Poison Magic
  9801 | D:8      | Reached ***** piety under Okawaru
  9962 | D:8      | Reached skill level 5 in Short Blades
  9962 | D:8      | Reached skill level 5 in Long Blades
  9962 | D:8      | Reached skill level 5 in Axes
  9962 | D:8      | Reached skill level 5 in Maces & Flails
  9962 | D:8      | Reached skill level 5 in Polearms
  9962 | D:8      | Reached skill level 5 in Staves
  9962 | D:8      | Reached skill level 5 in Slings
  9962 | D:8      | Reached skill level 5 in Bows
  9962 | D:8      | Reached skill level 5 in Crossbows
  9962 | D:8      | Reached skill level 5 in Throwing
  9962 | D:8      | Reached skill level 5 in Armour
  9962 | D:8      | Reached skill level 5 in Stealth
  9962 | D:8      | Reached skill level 5 in Shields
  9962 | D:8      | Reached skill level 5 in Evocations
  9991 | D:8      | Found Guqaanon's Assorted Antiques.
 10262 | D:9      | Reached skill level 7 in Dodging
 10335 | D:9      | Found Jussono's Armour Boutique.
 10340 | D:9      | Bought a +0 pair of gloves for 58 gold pieces
 10593 | D:9      | Noticed Erolcha
 10613 | D:9      | HP: 5/76 [Erolcha/crystal spear (47)]
 10614 | D:9      | Demolished by Erolcha

Vault maps used:
D:1:      erik_arrival_triangle_medium
D:2:      first_ration, uniq_jessica
D:3:      overflow_temple_1_default, cheibrodos_sewer_entry_sluice,
          tgw_kikubaaqudgha
D:4:      kennysheep_little_box, kennysheep_mini,
          minmay_temple_entry_proselytizer, uniq_eustachio, uniq_robin
D:5:      minitemple, serial_rivers, chequers_serial_rivers_large_a,
          chequers_serial_rivers_marsh, chequers_serial_rivers_small_a,
          chequers_serial_rivers_micro_a, chequers_serial_rivers_small_3,
          chequers_serial_rivers_large_b, trog_eyes_of_draining,
          uniq_crazy_yiuf_cottage, uniq_duvessa
D:6:      skrybe_limestone_x, uniq_edmund, uniq_pikel
D:8:      serial_shops, shop, basic_altar, serial_corexii_hall,
          chequers_hall_statues_wall_a, chequers_hall_statues_corner_a,
          corexii_hall_statues_l
D:9:      kennysheep_orc_monster_closet_entryway, basic_altar, serial_shops,
          nicolae_shop_stone, uniq_erolcha
Sewer:    sewer_kobolds

Skill      XL: |  1  2  3  4  5  6  7  8  9 10 |
---------------+-------------------------------+-----
Spellcasting   | 5 6 7 |  7.3
Invocations    | 1 2 3 4 5 |  5.8
Short Blades   | 1 2 4 5 |  5.3
Long Blades    | 1 2 4 5 |  5.3
Axes           | 1 2 4 5 |  5.3
Maces & Flails | 1 2 4 5 |  5.3
Polearms       | 1 2 4 5 |  5.3
Staves         | 1 2 4 5 |  5.3
Slings         | 1 2 4 5 |  5.3
Bows           | 1 2 4 5 |  5.3
Crossbows      | 1 2 4 5 |  5.3
Throwing       | 1 2 4 5 |  5.3
Armour         | 1 2 4 5 |  5.3
Stealth        | 1 2 4 5 |  5.3
Shields        | 1 2 4 5 |  5.3
Evocations     | 1 2 4 5 |  5.3
Conjurations   | 1 2 3 4 |  4.3
Hexes          | 1 2 3 4 |  4.3
Charms         | 1 2 3 4 |  4.3
Summonings     | 1 2 3 4 |  4.3
Necromancy     | 1 2 3 4 |  4.3
Translocations | 1 2 3 4 |  4.3
Fire Magic     | 1 2 3 4 |  4.3
Ice Magic      | 1 2 3 4 |  4.3
Air Magic      | 1 2 3 4 |  4.3
Earth Magic    | 1 2 3 4 |  4.3
Poison Magic   | 1 2 3 4 |  4.3
Fighting       | 3 4 5 |  5.9
Transmutations | 4 5 |  5.9
Dodging        | 5 6 7 |  7.1
Unarmed Combat | 7 8 |  8.5

Action                   |  1- 3 |  4- 6 |  7- 9 | 10-12 || total
-------------------------+-------+-------+-------+-------++-------
Melee: Unarmed           |    88 |   250 |   287 |   131 ||   756
       Bite              |    11 |    19 |    39 |    17 ||    86
       Punch             |     4 |     5 |    14 |     4 ||    27
       Kick              |     1 |    19 |    46 |    23 ||    89
       Headbutt          |       |     8 |       |       ||     8
Throw: Javelin           |       |       |    46 |    21 ||    67
 Cast: Beastly Appendage |     3 |     8 |    13 |     5 ||    29
       Sticks to Snakes  |       |       |    10 |       ||    10
       Spider Form       |       |       |     1 |       ||     1
       Regeneration      |       |       |       |     1 ||     1
       Ice Form          |       |       |       |     1 ||     1
Invok: Heroism           |       |       |     4 |     5 ||     9
  Use: Scroll            |       |       |    12 |     3 ||    15
       Potion            |       |       |       |     1 ||     1
 Stab: Sleeping          |       |     4 |     1 |       ||     5
  Eat: Chunk             |     2 |    10 |    11 |     7 ||    30
       Ration            |       |       |     1 |       ||     1
Armor: Robe              |    12 |     2 |     2 |     1 ||    17
       Ring mail         |       |    80 |    63 |       ||   143
       Troll leather arm |       |       |       |    13 ||    13
Dodge: Dodged            |    70 |   202 |   243 |   134 ||   649

Table legend:
 A = Non-vault XP
 B = Vault XP
 C = Vault XP percentage of total XP
 D = Non-vault monster count
 E = Vault monster count
 F = Vault count percentage of total count
                 A         B        C        D         E       F
            +---------+---------+-------+---------+---------+-------
      Total |    5569 |    1588 |  22.2 |     181 |      37 |  17.0
            +---------+---------+-------+---------+---------+-------
        D:1 |      41 |       0 |   0.0 |      14 |       0 |   0.0
        D:2 |      64 |      37 |  36.6 |      16 |       1 |   5.9
        D:3 |     145 |      31 |  17.6 |      27 |       9 |  25.0
        D:4 |     114 |     266 |  70.0 |      16 |       9 |  36.0
        D:5 |     418 |     323 |  43.6 |      19 |       5 |  20.8
        D:6 |     627 |     806 |  56.2 |      24 |       2 |   7.7
        D:7 |    1346 |       0 |   0.0 |      23 |       0 |   0.0
        D:8 |    1269 |       0 |   0.0 |      16 |       0 |   0.0
        D:9 |    1545 |       0 |   0.0 |      26 |       0 |   0.0
      Sewer |       0 |     125 | 100.0 |       0 |      11 | 100.0
            +---------+---------+-------+---------+---------+-------

Vault maps used:
D:1:      erik_arrival_triangle_medium
D:2:      first_ration, uniq_jessica
D:3:      overflow_temple_1_default, cheibrodos_sewer_entry_sluice,
          tgw_kikubaaqudgha
D:4:      kennysheep_little_box, kennysheep_mini,
          minmay_temple_entry_proselytizer, uniq_eustachio, uniq_robin
D:5:      minitemple, serial_rivers, chequers_serial_rivers_large_a,
          chequers_serial_rivers_marsh, chequers_serial_rivers_small_a,
          chequers_serial_rivers_micro_a, chequers_serial_rivers_small_3,
          chequers_serial_rivers_large_b, trog_eyes_of_draining,
          uniq_crazy_yiuf_cottage, uniq_duvessa
D:6:      skrybe_limestone_x, uniq_edmund, uniq_pikel
D:8:      serial_shops, shop, basic_altar, serial_corexii_hall,
          chequers_hall_statues_wall_a, chequers_hall_statues_corner_a,
          corexii_hall_statues_l
D:9:      kennysheep_orc_monster_closet_entryway, basic_altar, serial_shops,
          nicolae_shop_stone, uniq_erolcha
Sewer:    sewer_kobolds

Table legend:
 A = Turns spent in this place as a percentage of turns spent in the entire game.
 B = Non-inter-level travel turns spent in this place as a percentage of non-inter-level travel turns spent in the entire game.
 C = Inter-level travel turns spent in this place as a percentage of turns spent in this place.
 D = Turns resting spent in this place as a percentage of non-inter-level travel turns spent in this place.
 E = Turns spent auto-exploring this place as a percentage of non-inter-level travel turns spent in this place.
 F = Non-inter-level travel turns spent in this place divided by the number of levels of this place that you've seen.
                   A       B       C       D       E      F
               +-------+-------+-------+-------+-------+----------------------
         Total | 100.0 | 100.0 |   3.6 |  34.0 |  46.3 | 1023.7
       Dungeon |  96.2 |  96.0 |   3.7 |  33.2 |  47.4 | 1092.2
         Sewer |   3.8 |   4.0 |   0.0 |  51.4 |  19.4 | 407.0
               +-------+-------+-------+-------+-------+----------------------

Table legend:
 A = Kills in this place as a percentage of kills in entire the game.
 B = Kills by you in this place as a percentage of kills by you in the entire game.
 C = Kills by friends in this place as a percentage of kills by friends in the entire game.
 D = Other kills in this place as a percentage of other kills in the entire game.
 E = Experience gained in this place as a percentage of experience gained in the entire game.
 F = Experience gained in this place divided by the number of levels of this place that you have seen.
                   A       B       C       D       E      F
               +-------+-------+-------+-------+-------+----------------------
         Total | 100.0 | 100.0 | 100.0 |   N/A | 100.0 | 715.7
       Dungeon |  95.0 |  94.9 | 100.0 |   N/A |  98.3 | 781.3
         Sewer |   5.0 |   5.1 |   0.0 |   N/A |   1.7 | 125.0
               +-------+-------+-------+-------+-------+----------------------
